WCHLSIM.com - West Coast Hockey League
Dernière mise à jour: 2026-03-20 08:29:49
html PUBLIC "-//W3C//DTD XHTML 1.0 Transitional//EN" "http://www.w3.org/TR/xhtml1/DTD/xhtml1-transitional.dtd"> WCHL - Game 719 - SEATTLE GRUNGE vs COLORADO GLACIERCATS

SEATTLE GRUNGE vs COLORADO GLACIERCATS

Created - 29 janvier 2026 at 21:14

Goals
1 2 3 T
SEATTLE GRUNGE 0 0 0 0
COLORADO GLACIERCATS 1 1 1 3
Shots
1 2 3 T
SEATTLE GRUNGE 6 7 10 23
COLORADO GLACIERCATS 11 18 13 42

1st period

1. COLORADO GLACIERCATS , Sidney Crosby 25 (Tomas Hertl 23, Dylan Samberg 11) at 10:51

Penalties :
Rasmus Andersson (COL) for Hooking (Minor) at 2:33

2nd period

2. COLORADO GLACIERCATS , Keegan Kolesar 5 (Corey Perry 4, Dylan Samberg 12) at 16:09

Penalties :
Neal Pionk (SEA) for Hooking (Minor) at 0:25, Lane Hutson (COL) for Roughing (Minor) at 16:12, Neal Pionk (SEA) for Elbowing (Minor) at 19:04

3rd period

3. COLORADO GLACIERCATS , Alexander Wennberg 14 (Tage Thompson 22, Lane Hutson 26) at 6:00

Penalties :
Juraj Slafkovsky (SEA) for Hooking (Minor) at 12:17

Goalie Stats

Samuel Montembeault (SEA), 39 saves from 42 shots - (0,929), L, 27-11-2, 60:00 minutes
Andrei Vasilevskiy (COL), 23 saves from 23 shots - (1,000), W, 26-11-1, 60:00 minutes

Players Stats for SEATTLE GRUNGE

Player Name              G  A  P  +/- PIM S  H  SB GA TA FO     MP     PP MP  PK MP  
------------------------------------------------------------------------------------
Adam Pelech              0  0  0   0  0   0  0  3  0  0  0/0    21:49   1:49   3:29 
Alexandre Carrier        0  0  0  -1  0   0  0  2  0  0  0/0    15:02   0:00   2:28 
Alexey Toropchenko       0  0  0   0  0   1  0  0  0  0  0/0     5:29   0:00   2:22 
Andrei Kuzmenko          0  0  0   0  0   1  0  0  0  0  0/2    12:27   0:00   0:03 
Brandon Carlo            0  0  0  -1  0   1  2  2  0  0  0/0    15:02   0:00   2:28 
Josh Doan                0  0  0  -1  0   1  3  0  0  0  1/1    19:28   1:48   0:00 
Juraj Slafkovsky         0  0  0  -2  2   4  4  0  0  0  0/2    19:03   2:10   0:00 
Kaiden Guhle             0  0  0   0  0   0  2  1  0  0  0/0    18:20   1:49   0:00 
Luke Glendening          0  0  0   0  0   0  0  0  0  0  4/5     3:07   0:00   0:00 
Matvei Michkov           0  0  0  -2  0   3  1  1  0  0  1/2    19:04   2:10   0:00 
Morgan Geekie            0  0  0  -2  0   2  0  0  0  0  9/29   19:04   2:10   0:00 
Neal Pionk               0  0  0  -2  4   0  4  1  0  0  0/0    23:07   2:09   0:00 
Radek Faksa              0  0  0   0  0   0  1  0  0  0  9/17   15:56   0:00   3:32 
Sean Monahan             0  0  0  -1  0   3  0  1  0  0  10/23  19:28   1:48   0:00 
Travis Sanheim           0  0  0  -2  0   0  1  3  0  0  0/0    26:38   2:09   3:29 
Tyler Motte              0  0  0   0  0   1  1  0  0  0  0/0     6:42   0:00   3:35 
Tyler Seguin             0  0  0   0  0   0  0  0  0  0  1/2    14:46   0:00   2:22 
William Nylander         0  0  0  -1  0   6  1  0  0  0  0/0    19:28   1:48   0:00 

Players Stats for COLORADO GLACIERCATS

Player Name              G  A  P  +/- PIM S  H  SB GA TA FO     MP     PP MP  PK MP  
------------------------------------------------------------------------------------
Alexander Wennberg       1  0  1   1  0   6  0  0  0  0  16/30  21:20   2:29   2:12 
Christian Dvorak         0  0  0   1  0   3  0  1  0  0  6/13   14:08   0:00   1:46 
Corey Perry              0  1  1   1  0   2  0  0  0  0  0/0    12:22   0:00   0:00 
Devon Toews              0  0  0   0  0   1  1  2  0  0  0/0    20:54   2:20   1:32 
Dylan Samberg            0  2  2   2  0   0  0  0  0  0  0/0    14:55   0:00   1:32 
Erik Karlsson            0  0  0   0  0   3  1  0  0  0  0/0    19:56   2:20   0:34 
Jamie Benn               0  0  0   1  0   2  3  0  0  0  2/3    21:20   2:29   2:12 
Jamie Oleksiak           0  0  0   2  0   0  4  2  0  0  0/0    15:15   0:00   1:52 
Justin Kirkland          0  0  0   0  0   0  1  0  0  0  0/0     3:50   0:00   0:00 
Keegan Kolesar           1  0  1   1  0   2  3  1  0  0  1/2    14:08   0:00   1:46 
Lane Hutson              0  1  1   1  2   1  0  1  0  0  0/0    24:39   3:37   1:23 
Leon Draisaitl           0  0  0   1  0   6  2  0  0  0  0/0    20:42   3:28   0:00 
Nikita Alexandrov        0  0  0   0  0   0  0  0  0  0  2/4     3:50   0:00   0:00 
Rasmus Andersson         0  0  0   1  2   0  2  1  0  0  0/0    24:19   3:37   1:03 
Sidney Crosby            1  0  1   1  0   10 2  0  0  0  18/25  20:42   3:28   0:00 
Tage Thompson            0  1  1   1  0   4  0  0  0  0  1/3    22:58   2:29   0:00 
Tomas Hertl              0  1  1   1  0   2  1  0  0  0  2/3    20:42   3:28   0:00 
Uvis Balinskis           0  0  0   0  0   0  0  0  0  0  0/0     0:00   0:00   0:00 

3 Stars

1 - Andrei Vasilevskiy (COL)
2 - Keegan Kolesar (COL)
3 - Sidney Crosby (COL)

Power Play

SEATTLE GRUNGE - 0 on 2 Attempt(s) - 0,00%
COLORADO GLACIERCATS - 0 on 3 Attempt(s) - 0,00%

Penalty Kill

SEATTLE GRUNGE - 3 on 3 Attempt(s) - 100,00% - Score 0 goal in Penalty Kill
COLORADO GLACIERCATS - 2 on 2 Attempt(s) - 100,00% - Score 0 goal in Penalty Kill

Team Stat

SEATTLE GRUNGE - Hits : 20 - Faceoff Wins : 35 - Blocked Shots : 14 - Penalty Minutes : 6
COLORADO GLACIERCATS - Hits : 20 - Faceoff Wins : 48 - Blocked Shots : 8 - Penalty Minutes : 4

Official

Referees : Sean MacFarlane and Kevin Pollock
Linesman : Vaughan Rody and Andrew Smith

Game Notes

No Game Note

Finance

Level 1 -- Attendance: 8700 (100,00%) -- Ticket Income 1 392 000 $
Level 2 -- Attendance: 4918 (81,97%) -- Ticket Income 614 750 $
Level 3 -- Attendance: 2491 (83,03%) -- Ticket Income 249 100 $
Level 4 -- Attendance: 4701 (94,02%) -- Ticket Income 352 575 $
Luxury Box -- Attendance: 1291 (80,69%) -- Ticket Income 303 385 $
Game was played at the GC Place.
Total Attendance: 22101 (90,95%)
Total Ticket Income: 2 911 810 $
Other Expense: 29 118 $
Total Income: 2 882 692 $

SEATTLE GRUNGE

5 vs 5 Forward 
   Center                   Left Wing                Right Wing               Time % Phy DF OF 
 1 Sean Monahan             Josh Doan                William Nylander         36     1   2  2  
 2 Morgan Geekie            Juraj Slafkovsky         Matvei Michkov           31     1   2  2  
 3 Radek Faksa              Andrei Kuzmenko          Tyler Seguin             25     1   2  2  
 4 Luke Glendening          Alexey Toropchenko       Tyler Motte              8      1   2  2  

5 vs 5 Defense 
   Defense                  Defense                                           Time % Phy DF OF 
 1 Neal Pionk               Travis Sanheim                                    37     1   2  2  
 2 Adam Pelech              Kaiden Guhle                                      36     1   2  2  
 3 Brandon Carlo            Alexandre Carrier                                 17     1   2  2  
 4 Neal Pionk               Travis Sanheim                                    10     1   2  2  

PowerPlay Forward 
   Center                   Left Wing                Right Wing               Time % Phy DF OF 
 1 Sean Monahan             Josh Doan                William Nylander         55     1   2  2  
 2 Morgan Geekie            Juraj Slafkovsky         Matvei Michkov           45     1   2  2  

PowerPlay Defense
   Defense                  Defense                                           Time % Phy DF OF 
 1 Neal Pionk               Travis Sanheim                                    55     1   2  2  
 2 Adam Pelech              Kaiden Guhle                                      45     1   2  2  

Penalty Kill 4 Players Forward 
   Center                   Wing                     Time % Phy DF OF 
 1 Radek Faksa              Tyler Motte              55     1   2  2  
 2 Tyler Seguin             Alexey Toropchenko       45     1   2  2  

Penalty Kill 4 Players Defense
   Defense                  Defense                  Time % Phy DF OF 
 1 Adam Pelech              Travis Sanheim           55     1   2  2  
 2 Alexandre Carrier        Brandon Carlo            45     1   2  2  

Penalty Kill - 3 Players Forward 
   Forward                                           Time % Phy DF OF 
 1 Radek Faksa                                       55     1   2  2  
 2 Tyler Motte                                       45     1   2  2  

Penalty Kill - 3 Players Defense
   Defense                  Defense                  Time % Phy DF OF 
 1 Neal Pionk               Adam Pelech              55     1   2  2  
 2 Alexandre Carrier        Brandon Carlo            45     1   2  2  

4 vs 4 Forward 
   Center                   Wing                     Time % Phy DF OF 
 1 Sean Monahan             William Nylander         55     1   2  2  
 2 Morgan Geekie            Juraj Slafkovsky         45     1   2  2  

4 vs 4 Defense
   Defense                  Defense                  Time % Phy DF OF 
 1 Neal Pionk               Travis Sanheim           55     1   2  2  
 2 Alexandre Carrier        Brandon Carlo            45     1   2  2  

Last Minutes Offensive
   Center                   Left Wing                Right Wing               Defense                  Defense                  
   Sean Monahan             Juraj Slafkovsky         William Nylander         Neal Pionk               Travis Sanheim           

Last Minutes Defensive
   Center                   Left Wing                Right Wing               Defense                  Defense                  
   Sean Monahan             Juraj Slafkovsky         William Nylander         Neal Pionk               Travis Sanheim           

Goaltenders
Starting : Samuel Montembeault      
Backup : Alexandar Georgiev       

Extra Forwards
Normal : William Nylander, Tyler Seguin, Andrei Kuzmenko - PP : Sean Monahan, Tyler Seguin - PK : Andrei Kuzmenko
Extra Defensemen
Normal : Kaiden Guhle, Travis Sanheim, Alexandre Carrier - PP : Neal Pionk - PK : Travis Sanheim, Alexandre Carrier
Penalty Shots
Sean Monahan, Matvei Michkov, William Nylander, Juraj Slafkovsky, Morgan Geekie
Custom OT Lines Forwards
Josh Doan, Sean Monahan, William Nylander, Juraj Slafkovsky, Morgan Geekie, Matvei Michkov, Tyler Seguin, Andrei Kuzmenko, Alexey Toropchenko, Radek Faksa
Custom OT Lines Defensemen
Neal Pionk, Travis Sanheim, Alexandre Carrier, Brandon Carlo, Adam Pelech

Scratches
John Tavares (Back Injury)

COLORADO GLACIERCATS

5 vs 5 Forward 
   Center                   Left Wing                Right Wing               Time % Phy DF OF 
 1 Sidney Crosby            Tomas Hertl              Leon Draisaitl           40     0   2  3  
 2 Alexander Wennberg       Jamie Benn               Tage Thompson            40     0   2  3  
 3 Christian Dvorak         Corey Perry              Keegan Kolesar           20     0   2  3  
 4 Nikita Alexandrov        Justin Kirkland          Tage Thompson            0      0   2  3  

5 vs 5 Defense 
   Defense                  Defense                                           Time % Phy DF OF 
 1 Lane Hutson              Rasmus Andersson                                  41     0   3  2  
 2 Erik Karlsson            Devon Toews                                       37     0   3  2  
 3 Jamie Oleksiak           Dylan Samberg                                     22     0   3  2  
 4 Devon Toews              Rasmus Andersson                                  0      0   2  3  

PowerPlay Forward 
   Center                   Left Wing                Right Wing               Time % Phy DF OF 
 1 Sidney Crosby            Tomas Hertl              Leon Draisaitl           60     1   1  3  
 2 Alexander Wennberg       Jamie Benn               Tage Thompson            40     1   1  3  

PowerPlay Defense
   Defense                  Defense                                           Time % Phy DF OF 
 1 Lane Hutson              Rasmus Andersson                                  60     0   1  4  
 2 Devon Toews              Erik Karlsson                                     40     1   1  3  

Penalty Kill 4 Players Forward 
   Center                   Wing                     Time % Phy DF OF 
 1 Christian Dvorak         Keegan Kolesar           50     0   3  2  
 2 Alexander Wennberg       Jamie Benn               50     0   3  2  

Penalty Kill 4 Players Defense
   Defense                  Defense                  Time % Phy DF OF 
 1 Dylan Samberg            Devon Toews              50     0   5  0  
 2 Rasmus Andersson         Lane Hutson              50     0   5  0  

Penalty Kill - 3 Players Forward 
   Forward                                           Time % Phy DF OF 
 1 Leon Draisaitl                                    50     0   5  0  
 2 Alexander Wennberg                                50     0   5  0  

Penalty Kill - 3 Players Defense
   Defense                  Defense                  Time % Phy DF OF 
 1 Jamie Oleksiak           Rasmus Andersson         50     0   5  0  
 2 Devon Toews              Dylan Samberg            50     0   5  0  

4 vs 4 Forward 
   Center                   Wing                     Time % Phy DF OF 
 1 Alexander Wennberg       Leon Draisaitl           50     0   1  4  
 2 Sidney Crosby            Tomas Hertl              50     0   1  4  

4 vs 4 Defense
   Defense                  Defense                  Time % Phy DF OF 
 1 Erik Karlsson            Rasmus Andersson         50     0   2  3  
 2 Devon Toews              Lane Hutson              50     0   2  3  

Last Minutes Offensive
   Center                   Left Wing                Right Wing               Defense                  Defense                  
   Sidney Crosby            Tage Thompson            Leon Draisaitl           Erik Karlsson            Lane Hutson              

Last Minutes Defensive
   Center                   Left Wing                Right Wing               Defense                  Defense                  
   Alexander Wennberg       Tomas Hertl              Leon Draisaitl           Dylan Samberg            Devon Toews              

Goaltenders
Starting : Andrei Vasilevskiy       
Backup : David Rittich            

Extra Forwards
Normal : Leon Draisaitl, Sidney Crosby, Alexander Wennberg - PP : Christian Dvorak, Corey Perry - PK : Keegan Kolesar
Extra Defensemen
Normal : Uvis Balinskis, Dylan Samberg, Lane Hutson - PP : Devon Toews - PK : Jamie Oleksiak, Erik Karlsson
Penalty Shots
Sidney Crosby, Leon Draisaitl, Tage Thompson, Tomas Hertl, Alexander Wennberg
Custom OT Lines Forwards
Leon Draisaitl, Sidney Crosby, Tomas Hertl, Tage Thompson, Alexander Wennberg, Jamie Benn, Corey Perry, Christian Dvorak, Keegan Kolesar, Justin Kirkland
Custom OT Lines Defensemen
Lane Hutson, Devon Toews, Rasmus Andersson, Erik Karlsson, Dylan Samberg

Scratches
Bryan Rust (Fractured Metatarsal (Right Foot) Injury), Mats Zuccarello (Broken Bone (Right Foot) Injury)

% Time on Ice - SEATTLE GRUNGE

Lines # - Real PCT - Wanted PCT - Time Play
Normal Forward
1 - 35% - 36% - 17:40
2 - 34% - 31% - 16:54
3 - 25% - 25% - 12:24
4 - 6% - 8% - 3:07
Normal Defense
1 - 37% - 37% - 18:30
2 - 33% - 36% - 16:31
3 - 25% - 17% - 12:34
4 - 5% - 10% - 2:30
PP Forward
1 - 45% - 55% - 1:48
2 - 55% - 45% - 2:10
PP Defense
1 - 54% - 55% - 2:09
2 - 46% - 45% - 1:49
PK Forward
1 - 60% - 55% - 3:35
2 - 40% - 45% - 2:22
PK Defense
1 - 59% - 55% - 3:29
2 - 41% - 45% - 2:28
PK3 Forward
1 - 0% - 55%
2 - 0% - 45%
PK3 Defense
1 - 0% - 55%
2 - 0% - 45%
44 Forward
1 - 0% - 55%
2 - 0% - 45%
44 Defense
1 - 0% - 55%
2 - 0% - 45%
Last Minute Offensive  - 0:00
Last Minute Defensive  - 0:00
Total
Forward - 60:00
Defense - 60:00

% Time on Ice - COLORADO GLACIERCATS

Lines # - Real PCT - Wanted PCT - Time Play
Normal Forward
1 - 34% - 40% - 17:14
2 - 33% - 40% - 16:39
3 - 25% - 20% - 12:22
4 - 8% - 0% - 3:50
Normal Defense
1 - 39% - 41% - 19:40
2 - 34% - 37% - 17:02
3 - 27% - 22% - 13:23
4 - 0% - 0% - 0:00
PP Forward
1 - 58% - 60% - 3:28
2 - 42% - 40% - 2:29
PP Defense
1 - 61% - 60% - 3:37
2 - 39% - 40% - 2:20
PK Forward
1 - 45% - 50% - 1:46
2 - 55% - 50% - 2:12
PK Defense
1 - 39% - 50% - 1:32
2 - 61% - 50% - 2:26
PK3 Forward
1 - 0% - 50%
2 - 0% - 50%
PK3 Defense
1 - 0% - 50%
2 - 0% - 50%
44 Forward
1 - 0% - 50%
2 - 0% - 50%
44 Defense
1 - 0% - 50%
2 - 0% - 50%
Last Minute Offensive  - 0:00
Last Minute Defensive  - 0:00
Total
Forward - 60:00
Defense - 60:00

Play-by-Play

1st period


0:01 of 1st period - Sidney Crosby wins face-off versus Sean Monahan in neutral zone.
0:34 of 1st period - Shot by Leon Draisaitl.
0:34 of 1st period - Stopped by Samuel Montembeault without a rebound.
0:35 of 1st period - Alexander Wennberg wins face-off versus Morgan Geekie in SEATTLE GRUNGE zone.
0:38 of 1st period - Shot by Tage Thompson.
0:38 of 1st period - Stopped by Samuel Montembeault without a rebound.
0:39 of 1st period - Jamie Benn wins face-off versus Radek Faksa in SEATTLE GRUNGE zone.
0:39 of 1st period - Jamie Benn is hit by Kaiden Guhle.
0:45 of 1st period - Shot by Tage Thompson.
0:45 of 1st period - Shot Blocked by Adam Pelech.
0:47 of 1st period - Shot by Alexander Wennberg.
0:47 of 1st period - Stopped by Samuel Montembeault without a rebound.
0:48 of 1st period - Morgan Geekie wins face-off versus Christian Dvorak in SEATTLE GRUNGE zone.
0:48 of 1st period - Morgan Geekie is hit by Keegan Kolesar.
0:57 of 1st period - Juraj Slafkovsky is hit by Jamie Oleksiak and loses puck.
1:17 of 1st period - Shot by Matvei Michkov.
1:17 of 1st period - Stopped by Andrei Vasilevskiy without a rebound.
1:18 of 1st period - Radek Faksa wins face-off versus Alexander Wennberg in COLORADO GLACIERCATS zone.
1:21 of 1st period - Shot by Tyler Seguin.
1:21 of 1st period - Shot Blocked by Devon Toews.
2:33 of 1st period - Minor Penalty to Rasmus Andersson for Hooking.
2:34 of 1st period - Christian Dvorak wins face-off versus Matvei Michkov in COLORADO GLACIERCATS zone.
2:54 of 1st period - Icing by Neal Pionk.
2:55 of 1st period - Matvei Michkov wins face-off versus Alexander Wennberg in SEATTLE GRUNGE zone.
3:04 of 1st period - Dylan Samberg is hit by Juraj Slafkovsky and loses puck.
3:45 of 1st period - Lane Hutson is hit by Josh Doan.
4:07 of 1st period - Lane Hutson is hit by Josh Doan and loses puck.
4:35 of 1st period - Icing by Erik Karlsson.
4:36 of 1st period - Tomas Hertl wins face-off versus Luke Glendening in COLORADO GLACIERCATS zone.
4:48 of 1st period - Shot by Tomas Hertl.
4:48 of 1st period - Shot Blocked by Alexandre Carrier.
5:01 of 1st period - Icing by Tyler Motte.
5:02 of 1st period - Luke Glendening wins face-off versus Keegan Kolesar in SEATTLE GRUNGE zone.
5:06 of 1st period - Off-side.
5:07 of 1st period - Morgan Geekie wins face-off versus Christian Dvorak in neutral zone.
5:38 of 1st period - Shot by Devon Toews.
5:38 of 1st period - Shot Misses the Net.
5:40 of 1st period - Shot by Keegan Kolesar.
5:40 of 1st period - Shot Misses the Net.
5:42 of 1st period - Shot by Keegan Kolesar.
5:42 of 1st period - Shot Misses the Net.
5:44 of 1st period - Shot by Devon Toews.
5:44 of 1st period - Stopped by Samuel Montembeault without a rebound.
5:45 of 1st period - Alexander Wennberg wins face-off versus Sean Monahan in SEATTLE GRUNGE zone.
5:48 of 1st period - Shot by Tage Thompson.
5:48 of 1st period - Shot Blocked by Adam Pelech.
5:56 of 1st period - Shot by Alexander Wennberg.
5:56 of 1st period - Deflect By Tage Thompson.
5:56 of 1st period - Shot Misses the Net.
5:58 of 1st period - Shot by Alexander Wennberg.
5:58 of 1st period - Deflect By Jamie Benn.
5:58 of 1st period - Stopped by Samuel Montembeault with a rebound.
6:04 of 1st period - Shot by Alexander Wennberg.
6:04 of 1st period - Stopped by Samuel Montembeault without a rebound.
6:05 of 1st period - Radek Faksa wins face-off versus Sidney Crosby in SEATTLE GRUNGE zone.
6:09 of 1st period - Tyler Seguin is hit by Sidney Crosby and loses puck.
6:13 of 1st period - Brandon Carlo is hit by Jamie Oleksiak and loses puck.
6:31 of 1st period - Tyler Seguin is hit by Jamie Oleksiak.
7:14 of 1st period - Shot by Sean Monahan.
7:14 of 1st period - Stopped by Andrei Vasilevskiy without a rebound.
7:15 of 1st period - Christian Dvorak wins face-off versus Morgan Geekie in COLORADO GLACIERCATS zone.
7:15 of 1st period - Christian Dvorak is hit by Juraj Slafkovsky.
7:29 of 1st period - Shot by Matvei Michkov.
7:29 of 1st period - Stopped by Andrei Vasilevskiy with a rebound.
7:31 of 1st period - Shot by Kaiden Guhle.
7:31 of 1st period - Shot Misses the Net.
7:41 of 1st period - Shot by Juraj Slafkovsky.
7:41 of 1st period - Shot Misses the Net.
7:53 of 1st period - Shot by Matvei Michkov.
7:53 of 1st period - Shot Blocked by Keegan Kolesar.
7:55 of 1st period - Shot by Juraj Slafkovsky.
7:55 of 1st period - Stopped by Andrei Vasilevskiy without a rebound.
7:56 of 1st period - Alexander Wennberg wins face-off versus Sean Monahan in COLORADO GLACIERCATS zone.
8:07 of 1st period - Shot by Alexander Wennberg.
8:07 of 1st period - Shot Misses the Net.
8:23 of 1st period - Shot by Tage Thompson.
8:23 of 1st period - Deflect By Alexander Wennberg.
8:23 of 1st period - Shot Blocked by Sean Monahan.
8:25 of 1st period - Shot by Erik Karlsson.
8:25 of 1st period - Stopped by Samuel Montembeault without a rebound.
8:26 of 1st period - Sidney Crosby wins face-off versus Radek Faksa in SEATTLE GRUNGE zone.
9:12 of 1st period - Icing by Brandon Carlo.
9:13 of 1st period - Alexander Wennberg wins face-off versus Radek Faksa in SEATTLE GRUNGE zone.
9:30 of 1st period - Shot by Tage Thompson.
9:30 of 1st period - Shot Misses the Net.
10:21 of 1st period - Shot by Keegan Kolesar.
10:21 of 1st period - Stopped by Samuel Montembeault without a rebound.
10:22 of 1st period - Sidney Crosby wins face-off versus Morgan Geekie in SEATTLE GRUNGE zone.
10:32 of 1st period - Sidney Crosby is hit by Neal Pionk and loses puck.
10:51 of 1st period - Shot by Sidney Crosby.
10:51 of 1st period - Goal by Sidney Crosby - SEATTLE GRUNGE : 0 - COLORADO GLACIERCATS : 1.
10:52 of 1st period - Christian Dvorak wins face-off versus Sean Monahan in neutral zone.
11:02 of 1st period - Icing by Kaiden Guhle.
11:03 of 1st period - Sean Monahan wins face-off versus Jamie Benn in SEATTLE GRUNGE zone.
11:12 of 1st period - Shot by Sean Monahan.
11:12 of 1st period - Deflect By William Nylander.
11:12 of 1st period - Stopped by Andrei Vasilevskiy without a rebound.
11:13 of 1st period - Alexander Wennberg wins face-off versus Morgan Geekie in COLORADO GLACIERCATS zone.
11:28 of 1st period - Shot by Jamie Benn.
11:28 of 1st period - Deflect By Tage Thompson.
11:28 of 1st period - Shot Misses the Net.
12:26 of 1st period - Shot by Leon Draisaitl.
12:26 of 1st period - Stopped by Samuel Montembeault with a rebound.
13:00 of 1st period - Shot by Tomas Hertl.
13:00 of 1st period - Deflect By Leon Draisaitl.
13:00 of 1st period - Shot Misses the Net.
13:29 of 1st period - Off-side.
13:30 of 1st period - Morgan Geekie wins face-off versus Nikita Alexandrov in neutral zone.
14:00 of 1st period - Shot by Juraj Slafkovsky.
14:00 of 1st period - Stopped by Andrei Vasilevskiy with a rebound.
14:04 of 1st period - Shot by Morgan Geekie.
14:04 of 1st period - Shot Misses the Net.
14:08 of 1st period - Shot by Juraj Slafkovsky.
14:08 of 1st period - Shot Misses the Net.
14:42 of 1st period - Alexandre Carrier is hit by Keegan Kolesar and loses puck.
15:50 of 1st period - Shot by Sidney Crosby.
15:50 of 1st period - Shot Misses the Net.
17:14 of 1st period - Off-side.
17:15 of 1st period - Sidney Crosby wins face-off versus Morgan Geekie in neutral zone.
17:27 of 1st period - Shot by Tomas Hertl.
17:27 of 1st period - Stopped by Samuel Montembeault without a rebound.
17:28 of 1st period - Morgan Geekie wins face-off versus Nikita Alexandrov in SEATTLE GRUNGE zone.
17:37 of 1st period - Icing by Justin Kirkland.
17:38 of 1st period - Nikita Alexandrov wins face-off versus Radek Faksa in COLORADO GLACIERCATS zone.
18:18 of 1st period - Shot by Andrei Kuzmenko.
18:18 of 1st period - Shot Blocked by Jamie Oleksiak.
18:47 of 1st period - Travis Sanheim is hit by Tomas Hertl and loses puck.
18:55 of 1st period - Sidney Crosby is hit by Neal Pionk and loses puck.
19:24 of 1st period - Shot by Leon Draisaitl.
19:24 of 1st period - Shot Misses the Net.
Goals for this period are 0 for SEATTLE GRUNGE vs 1 for COLORADO GLACIERCATS.
Shots for this period are 6 for SEATTLE GRUNGE vs 11 for COLORADO GLACIERCATS.

2nd period


0:01 of 2nd period - Alexander Wennberg wins face-off versus Morgan Geekie in neutral zone.
0:16 of 2nd period - Shot by Morgan Geekie.
0:16 of 2nd period - Stopped by Andrei Vasilevskiy with a rebound.
0:25 of 2nd period - Minor Penalty to Neal Pionk for Hooking.
0:26 of 2nd period - Radek Faksa wins face-off versus Sidney Crosby in SEATTLE GRUNGE zone.
0:26 of 2nd period - Radek Faksa is hit by Sidney Crosby.
0:59 of 2nd period - Shot by Sidney Crosby.
0:59 of 2nd period - Deflect By Tomas Hertl.
0:59 of 2nd period - Shot Misses the Net.
1:01 of 2nd period - Shot by Lane Hutson.
1:01 of 2nd period - Shot Misses the Net.
2:27 of 2nd period - Shot by Leon Draisaitl.
2:27 of 2nd period - Shot Misses the Net.
2:33 of 2nd period - Shot by Matvei Michkov.
2:33 of 2nd period - Stopped by Andrei Vasilevskiy without a rebound.
2:34 of 2nd period - Christian Dvorak wins face-off versus Sean Monahan in COLORADO GLACIERCATS zone.
3:07 of 2nd period - Shot by Corey Perry.
3:07 of 2nd period - Stopped by Samuel Montembeault without a rebound.
3:08 of 2nd period - Sidney Crosby wins face-off versus Morgan Geekie in SEATTLE GRUNGE zone.
3:19 of 2nd period - Shot by Sidney Crosby.
3:19 of 2nd period - Stopped by Samuel Montembeault without a rebound.
3:20 of 2nd period - Alexander Wennberg wins face-off versus Morgan Geekie in SEATTLE GRUNGE zone.
3:28 of 2nd period - Icing by Kaiden Guhle.
3:29 of 2nd period - Alexander Wennberg wins face-off versus Juraj Slafkovsky in SEATTLE GRUNGE zone.
3:55 of 2nd period - Matvei Michkov is hit by Rasmus Andersson and loses puck.
5:02 of 2nd period - Leon Draisaitl is hit by Travis Sanheim.
5:06 of 2nd period - Shot by Leon Draisaitl.
5:06 of 2nd period - Stopped by Samuel Montembeault without a rebound.
5:07 of 2nd period - Radek Faksa wins face-off versus Christian Dvorak in SEATTLE GRUNGE zone.
5:16 of 2nd period - Shot by Andrei Kuzmenko.
5:16 of 2nd period - Stopped by Andrei Vasilevskiy with a rebound.
5:48 of 2nd period - Shot by Andrei Kuzmenko.
5:48 of 2nd period - Shot Blocked by Christian Dvorak.
6:10 of 2nd period - Shot by Tage Thompson.
6:10 of 2nd period - Shot Misses the Net.
6:28 of 2nd period - Shot by Tage Thompson.
6:28 of 2nd period - Stopped by Samuel Montembeault without a rebound.
6:29 of 2nd period - Sidney Crosby wins face-off versus Morgan Geekie in SEATTLE GRUNGE zone.
6:29 of 2nd period - Sidney Crosby is hit by Kaiden Guhle.
6:31 of 2nd period - Shot by Leon Draisaitl.
6:31 of 2nd period - Stopped by Samuel Montembeault without a rebound.
6:32 of 2nd period - Tomas Hertl wins face-off versus Morgan Geekie in SEATTLE GRUNGE zone.
7:03 of 2nd period - Sidney Crosby is hit by Juraj Slafkovsky and loses puck.
7:07 of 2nd period - Off-side.
7:08 of 2nd period - Sean Monahan wins face-off versus Alexander Wennberg in neutral zone.
7:49 of 2nd period - Shot by William Nylander.
7:49 of 2nd period - Stopped by Andrei Vasilevskiy without a rebound.
7:50 of 2nd period - Sidney Crosby wins face-off versus Radek Faksa in COLORADO GLACIERCATS zone.
8:05 of 2nd period - Off-side.
8:06 of 2nd period - Morgan Geekie wins face-off versus Christian Dvorak in neutral zone.
8:13 of 2nd period - Shot by Matvei Michkov.
8:13 of 2nd period - Shot Misses the Net.
8:18 of 2nd period - Keegan Kolesar is hit by Brandon Carlo and loses puck.
8:21 of 2nd period - Shot by Keegan Kolesar.
8:21 of 2nd period - Deflect By Corey Perry.
8:21 of 2nd period - Stopped by Samuel Montembeault without a rebound.
8:22 of 2nd period - Sean Monahan wins face-off versus Alexander Wennberg in SEATTLE GRUNGE zone.
8:22 of 2nd period - Sean Monahan is hit by Jamie Benn.
8:25 of 2nd period - Icing by Josh Doan.
8:26 of 2nd period - Sean Monahan wins face-off versus Alexander Wennberg in SEATTLE GRUNGE zone.
8:43 of 2nd period - Shot by Josh Doan.
8:43 of 2nd period - Shot Misses the Net.
8:51 of 2nd period - Shot by Alexander Wennberg.
8:51 of 2nd period - Stopped by Samuel Montembeault without a rebound.
8:52 of 2nd period - Sidney Crosby wins face-off versus Andrei Kuzmenko in SEATTLE GRUNGE zone.
9:01 of 2nd period - Shot by Sidney Crosby.
9:01 of 2nd period - Stopped by Samuel Montembeault with a rebound.
9:03 of 2nd period - Shot by Sidney Crosby.
9:03 of 2nd period - Stopped by Samuel Montembeault without a rebound.
9:04 of 2nd period - Morgan Geekie wins face-off versus Tage Thompson in SEATTLE GRUNGE zone.
9:33 of 2nd period - Shot by Jamie Benn.
9:33 of 2nd period - Stopped by Samuel Montembeault without a rebound.
9:34 of 2nd period - Sidney Crosby wins face-off versus Sean Monahan in SEATTLE GRUNGE zone.
9:55 of 2nd period - Shot by Sidney Crosby.
9:55 of 2nd period - Shot Misses the Net.
10:13 of 2nd period - Shot by Tomas Hertl.
10:13 of 2nd period - Stopped by Samuel Montembeault without a rebound.
10:14 of 2nd period - Alexander Wennberg wins face-off versus Radek Faksa in SEATTLE GRUNGE zone.
10:23 of 2nd period - Shot by Alexander Wennberg.
10:23 of 2nd period - Deflect By Tage Thompson.
10:23 of 2nd period - Stopped by Samuel Montembeault without a rebound.
10:24 of 2nd period - Alexander Wennberg wins face-off versus Juraj Slafkovsky in SEATTLE GRUNGE zone.
10:47 of 2nd period - Shot by Alexander Wennberg.
10:47 of 2nd period - Stopped by Samuel Montembeault without a rebound.
10:48 of 2nd period - Sidney Crosby wins face-off versus Radek Faksa in SEATTLE GRUNGE zone.
10:51 of 2nd period - Shot by Tomas Hertl.
10:51 of 2nd period - Shot Blocked by Kaiden Guhle.
11:08 of 2nd period - Adam Pelech is hit by Erik Karlsson and loses puck.
11:13 of 2nd period - Shot by Andrei Kuzmenko.
11:13 of 2nd period - Shot Misses the Net.
11:21 of 2nd period - Kaiden Guhle is hit by Leon Draisaitl and loses puck.
12:29 of 2nd period - Shot by Sean Monahan.
12:29 of 2nd period - Shot Blocked by Lane Hutson.
12:31 of 2nd period - Shot by Sean Monahan.
12:31 of 2nd period - Shot Misses the Net.
12:33 of 2nd period - Shot by Sean Monahan.
12:33 of 2nd period - Shot Misses the Net.
12:35 of 2nd period - Shot by William Nylander.
12:35 of 2nd period - Stopped by Andrei Vasilevskiy without a rebound.
12:36 of 2nd period - Keegan Kolesar wins face-off versus Morgan Geekie in COLORADO GLACIERCATS zone.
12:55 of 2nd period - Matvei Michkov is hit by Jamie Oleksiak and loses puck.
13:16 of 2nd period - Icing by Brandon Carlo.
13:17 of 2nd period - Sidney Crosby wins face-off versus Morgan Geekie in SEATTLE GRUNGE zone.
13:34 of 2nd period - Shot by Sidney Crosby.
13:34 of 2nd period - Stopped by Samuel Montembeault without a rebound.
13:35 of 2nd period - Alexander Wennberg wins face-off versus Sean Monahan in SEATTLE GRUNGE zone.
14:12 of 2nd period - Shot by Alexander Wennberg.
14:12 of 2nd period - Shot Misses the Net.
14:24 of 2nd period - Tage Thompson is hit by Josh Doan and loses puck.
15:35 of 2nd period - Shot by Christian Dvorak.
15:35 of 2nd period - Stopped by Samuel Montembeault without a rebound.
15:36 of 2nd period - Christian Dvorak wins face-off versus Morgan Geekie in SEATTLE GRUNGE zone.
15:49 of 2nd period - Shot by Keegan Kolesar.
15:49 of 2nd period - Shot Blocked by Alexandre Carrier.
15:52 of 2nd period - Christian Dvorak is hit by Brandon Carlo and loses puck.
16:03 of 2nd period - Shot by Keegan Kolesar.
16:03 of 2nd period - Shot Misses the Net.
16:07 of 2nd period - Shot by Keegan Kolesar.
16:07 of 2nd period - Deflect By Corey Perry.
16:07 of 2nd period - Shot Misses the Net.
16:09 of 2nd period - Shot by Keegan Kolesar.
16:09 of 2nd period - Goal by Keegan Kolesar - SEATTLE GRUNGE : 0 - COLORADO GLACIERCATS : 2.
16:10 of 2nd period - Luke Glendening wins face-off versus Alexander Wennberg in neutral zone.
16:12 of 2nd period - Minor Penalty to Lane Hutson for Roughing.
16:13 of 2nd period - Jamie Benn wins face-off versus Sean Monahan in COLORADO GLACIERCATS zone.
16:13 of 2nd period - Jamie Benn is hit by William Nylander.
17:22 of 2nd period - Shot by Morgan Geekie.
17:22 of 2nd period - Stopped by Andrei Vasilevskiy without a rebound.
17:23 of 2nd period - Alexander Wennberg wins face-off versus Morgan Geekie in COLORADO GLACIERCATS zone.
18:14 of 2nd period - Shot by Josh Doan.
18:14 of 2nd period - Deflect By Alexey Toropchenko.
18:14 of 2nd period - Shot Blocked by Rasmus Andersson.
18:23 of 2nd period - Alexandre Carrier is hit by Rasmus Andersson and loses puck.
18:26 of 2nd period - Shot by Brandon Carlo.
18:26 of 2nd period - Stopped by Andrei Vasilevskiy without a rebound.
18:27 of 2nd period - Nikita Alexandrov wins face-off versus Andrei Kuzmenko in COLORADO GLACIERCATS zone.
18:27 of 2nd period - Nikita Alexandrov is hit by Radek Faksa.
18:52 of 2nd period - Travis Sanheim is hit by Justin Kirkland.
19:04 of 2nd period - Minor Penalty to Neal Pionk for Elbowing.
19:05 of 2nd period - Radek Faksa wins face-off versus Sidney Crosby in SEATTLE GRUNGE zone.
19:14 of 2nd period - Shot by Leon Draisaitl.
19:14 of 2nd period - Stopped by Samuel Montembeault without a rebound.
19:15 of 2nd period - Radek Faksa wins face-off versus Tomas Hertl in SEATTLE GRUNGE zone.
19:34 of 2nd period - Shot by Sidney Crosby.
19:34 of 2nd period - Shot Misses the Net.
19:36 of 2nd period - Shot by Lane Hutson.
19:36 of 2nd period - Stopped by Samuel Montembeault without a rebound.
19:37 of 2nd period - Tyler Seguin wins face-off versus Alexander Wennberg in SEATTLE GRUNGE zone.
19:37 of 2nd period - Tyler Seguin is hit by Jamie Benn.
Goals for this period are 0 for SEATTLE GRUNGE vs 1 for COLORADO GLACIERCATS.
Shots for this period are 7 for SEATTLE GRUNGE vs 18 for COLORADO GLACIERCATS.

3rd period


0:01 of 3rd period - Sidney Crosby wins face-off versus Radek Faksa in neutral zone.
0:14 of 3rd period - Tomas Hertl is hit by Tyler Motte and loses puck.
0:37 of 3rd period - Shot by Tomas Hertl.
0:37 of 3rd period - Shot Misses the Net.
0:39 of 3rd period - Shot by Leon Draisaitl.
0:39 of 3rd period - Shot Misses the Net.
1:15 of 3rd period - Icing by Jamie Oleksiak.
1:16 of 3rd period - Morgan Geekie wins face-off versus Christian Dvorak in COLORADO GLACIERCATS zone.
1:39 of 3rd period - Shot by Juraj Slafkovsky.
1:39 of 3rd period - Shot Blocked by Jamie Oleksiak.
1:47 of 3rd period - Jamie Oleksiak is hit by Matvei Michkov and loses puck.
1:57 of 3rd period - Off-side.
1:58 of 3rd period - Sean Monahan wins face-off versus Alexander Wennberg in neutral zone.
2:01 of 3rd period - Shot by William Nylander.
2:01 of 3rd period - Stopped by Andrei Vasilevskiy without a rebound.
2:02 of 3rd period - Sean Monahan wins face-off versus Alexander Wennberg in COLORADO GLACIERCATS zone.
2:11 of 3rd period - Shot by Sean Monahan.
2:11 of 3rd period - Stopped by Andrei Vasilevskiy without a rebound.
2:12 of 3rd period - Sidney Crosby wins face-off versus Sean Monahan in COLORADO GLACIERCATS zone.
2:44 of 3rd period - Shot by Sidney Crosby.
2:44 of 3rd period - Shot Misses the Net.
2:46 of 3rd period - Shot by Tomas Hertl.
2:46 of 3rd period - Shot Misses the Net.
2:48 of 3rd period - Shot by Rasmus Andersson.
2:48 of 3rd period - Shot Blocked by Adam Pelech.
2:50 of 3rd period - Shot by Leon Draisaitl.
2:50 of 3rd period - Deflect By Sidney Crosby.
2:50 of 3rd period - Stopped by Samuel Montembeault without a rebound.
2:51 of 3rd period - Alexander Wennberg wins face-off versus Morgan Geekie in SEATTLE GRUNGE zone.
2:51 of 3rd period - Tage Thompson is hit by Neal Pionk and loses puck.
3:10 of 3rd period - Shot by Juraj Slafkovsky.
3:10 of 3rd period - Stopped by Andrei Vasilevskiy without a rebound.
3:11 of 3rd period - Radek Faksa wins face-off versus Christian Dvorak in COLORADO GLACIERCATS zone.
3:22 of 3rd period - Shot by Keegan Kolesar.
3:22 of 3rd period - Shot Blocked by Brandon Carlo.
3:24 of 3rd period - Shot by Dylan Samberg.
3:24 of 3rd period - Shot Misses the Net.
3:49 of 3rd period - Shot by Christian Dvorak.
3:49 of 3rd period - Shot Misses the Net.
4:07 of 3rd period - Shot by Rasmus Andersson.
4:07 of 3rd period - Shot Blocked by Brandon Carlo.
4:09 of 3rd period - Shot by Jamie Benn.
4:09 of 3rd period - Shot Misses the Net.
4:25 of 3rd period - Shot by Alexander Wennberg.
4:25 of 3rd period - Shot Misses the Net.
4:38 of 3rd period - Off-side.
4:39 of 3rd period - Sidney Crosby wins face-off versus Sean Monahan in neutral zone.
5:20 of 3rd period - Icing by Erik Karlsson.
5:21 of 3rd period - Sidney Crosby wins face-off versus Morgan Geekie in COLORADO GLACIERCATS zone.
5:34 of 3rd period - Shot by Sidney Crosby.
5:34 of 3rd period - Stopped by Samuel Montembeault without a rebound.
5:35 of 3rd period - Luke Glendening wins face-off versus Alexander Wennberg in SEATTLE GRUNGE zone.
5:35 of 3rd period - Luke Glendening is hit by Jamie Benn.
5:43 of 3rd period - Shot by Alexey Toropchenko.
5:43 of 3rd period - Deflect By Tyler Motte.
5:43 of 3rd period - Stopped by Andrei Vasilevskiy without a rebound.
5:44 of 3rd period - Morgan Geekie wins face-off versus Alexander Wennberg in COLORADO GLACIERCATS zone.
5:45 of 3rd period - Shot by Juraj Slafkovsky.
5:45 of 3rd period - Stopped by Andrei Vasilevskiy without a rebound.
5:46 of 3rd period - Sean Monahan wins face-off versus Alexander Wennberg in COLORADO GLACIERCATS zone.
5:50 of 3rd period - Icing by Lane Hutson.
5:51 of 3rd period - Josh Doan wins face-off versus Tage Thompson in COLORADO GLACIERCATS zone.
6:00 of 3rd period - Shot by Tage Thompson.
6:00 of 3rd period - Deflect By Alexander Wennberg.
6:00 of 3rd period - Goal by Alexander Wennberg - SEATTLE GRUNGE : 0 - COLORADO GLACIERCATS : 3.
6:01 of 3rd period - Sidney Crosby wins face-off versus Morgan Geekie in neutral zone.
6:16 of 3rd period - Shot by Sidney Crosby.
6:16 of 3rd period - Stopped by Samuel Montembeault without a rebound.
6:17 of 3rd period - Sean Monahan wins face-off versus Alexander Wennberg in SEATTLE GRUNGE zone.
6:54 of 3rd period - Shot by William Nylander.
6:54 of 3rd period - Deflect By Josh Doan.
6:54 of 3rd period - Stopped by Andrei Vasilevskiy with a rebound.
8:49 of 3rd period - Shot by Keegan Kolesar.
8:49 of 3rd period - Shot Misses the Net.
8:59 of 3rd period - Shot by Christian Dvorak.
8:59 of 3rd period - Stopped by Samuel Montembeault without a rebound.
9:00 of 3rd period - Tage Thompson wins face-off versus Sean Monahan in SEATTLE GRUNGE zone.
9:56 of 3rd period - Tage Thompson is hit by Neal Pionk and loses puck.
11:05 of 3rd period - Off-side.
11:06 of 3rd period - Sidney Crosby wins face-off versus Morgan Geekie in neutral zone.
11:15 of 3rd period - Shot by Sidney Crosby.
11:15 of 3rd period - Stopped by Samuel Montembeault with a rebound.
11:17 of 3rd period - Shot by Leon Draisaitl.
11:17 of 3rd period - Deflect By Sidney Crosby.
11:17 of 3rd period - Shot Misses the Net.
11:19 of 3rd period - Shot by Tomas Hertl.
11:19 of 3rd period - Shot Misses the Net.
11:21 of 3rd period - Shot by Erik Karlsson.
11:21 of 3rd period - Stopped by Samuel Montembeault without a rebound.
11:22 of 3rd period - Sidney Crosby wins face-off versus Sean Monahan in SEATTLE GRUNGE zone.
11:41 of 3rd period - Shot by Leon Draisaitl.
11:41 of 3rd period - Shot Misses the Net.
11:43 of 3rd period - Shot by Leon Draisaitl.
11:43 of 3rd period - Stopped by Samuel Montembeault without a rebound.
11:44 of 3rd period - Alexander Wennberg wins face-off versus Morgan Geekie in SEATTLE GRUNGE zone.
12:17 of 3rd period - Minor Penalty to Juraj Slafkovsky for Hooking.
12:18 of 3rd period - Radek Faksa wins face-off versus Sidney Crosby in SEATTLE GRUNGE zone.
12:42 of 3rd period - Shot by Erik Karlsson.
12:42 of 3rd period - Stopped by Samuel Montembeault with a rebound.
12:44 of 3rd period - Shot by Tomas Hertl.
12:44 of 3rd period - Shot Misses the Net.
12:46 of 3rd period - Shot by Devon Toews.
12:46 of 3rd period - Shot Blocked by Travis Sanheim.
12:48 of 3rd period - Shot by Devon Toews.
12:48 of 3rd period - Deflect By Sidney Crosby.
12:48 of 3rd period - Stopped by Samuel Montembeault with a rebound.
14:00 of 3rd period - Icing by Lane Hutson.
14:01 of 3rd period - Radek Faksa wins face-off versus Alexander Wennberg in COLORADO GLACIERCATS zone.
14:20 of 3rd period - Shot by William Nylander.
14:20 of 3rd period - Stopped by Andrei Vasilevskiy without a rebound.
14:21 of 3rd period - Sean Monahan wins face-off versus Sidney Crosby in COLORADO GLACIERCATS zone.
14:37 of 3rd period - Sean Monahan is hit by Devon Toews and loses puck.
14:44 of 3rd period - Shot by William Nylander.
14:44 of 3rd period - Stopped by Andrei Vasilevskiy without a rebound.
14:45 of 3rd period - Christian Dvorak wins face-off versus Morgan Geekie in COLORADO GLACIERCATS zone.
15:11 of 3rd period - Juraj Slafkovsky is hit by Keegan Kolesar and loses puck.
16:10 of 3rd period - Shot by William Nylander.
16:10 of 3rd period - Shot Misses the Net.
17:11 of 3rd period - Off-side.
17:12 of 3rd period - Luke Glendening wins face-off versus Christian Dvorak in neutral zone.
17:15 of 3rd period - Shot by Tyler Motte.
17:15 of 3rd period - Deflect By Alexey Toropchenko.
17:15 of 3rd period - Stopped by Andrei Vasilevskiy without a rebound.
17:16 of 3rd period - Morgan Geekie wins face-off versus Sidney Crosby in COLORADO GLACIERCATS zone.
18:16 of 3rd period - Shot by Corey Perry.
18:16 of 3rd period - Shot Blocked by Travis Sanheim.
18:18 of 3rd period - Shot by Dylan Samberg.
18:18 of 3rd period - Shot Blocked by Neal Pionk.
18:20 of 3rd period - Shot by Dylan Samberg.
18:20 of 3rd period - Shot Blocked by Travis Sanheim.
18:44 of 3rd period - Shot by Christian Dvorak.
18:44 of 3rd period - Shot Misses the Net.
18:46 of 3rd period - Shot by Christian Dvorak.
18:46 of 3rd period - Stopped by Samuel Montembeault with a rebound.
19:02 of 3rd period - Rasmus Andersson is hit by Juraj Slafkovsky and loses puck.
19:19 of 3rd period - Shot by Alexander Wennberg.
19:19 of 3rd period - Shot Blocked by Matvei Michkov.
19:21 of 3rd period - Shot by Alexander Wennberg.
19:21 of 3rd period - Stopped by Samuel Montembeault without a rebound.
19:22 of 3rd period - Sean Monahan wins face-off versus Sidney Crosby in SEATTLE GRUNGE zone.
19:22 of 3rd period - Sean Monahan is hit by Leon Draisaitl.
19:32 of 3rd period - Shot by Sean Monahan.
19:32 of 3rd period - Shot Blocked by Devon Toews.
19:34 of 3rd period - Shot by Josh Doan.
19:34 of 3rd period - Shot Misses the Net.
19:36 of 3rd period - Shot by Sean Monahan.
19:36 of 3rd period - Stopped by Andrei Vasilevskiy without a rebound.
19:37 of 3rd period - Alexander Wennberg wins face-off versus Tyler Seguin in COLORADO GLACIERCATS zone.
19:44 of 3rd period - Shot by Tage Thompson.
19:44 of 3rd period - Stopped by Samuel Montembeault without a rebound.
19:45 of 3rd period - Alexander Wennberg wins face-off versus Sean Monahan in SEATTLE GRUNGE zone.
Goals for this period are 0 for SEATTLE GRUNGE vs 1 for COLORADO GLACIERCATS.
Shots for this period are 10 for SEATTLE GRUNGE vs 13 for COLORADO GLACIERCATS.


MACKLIN
CELEBRINI
NATHAN
MACKINNON
TAYLOR
HALL